 Dungeon Crawl Stone Soup version 0.29.0-4-gdea44cf6ec (webtiles) character file.

Game seed: 14918803686945576574

1441 qw the Cleaver (level 8, -3/62 HPs)
             Began as a Demonspawn Cinder Acolyte on Sept 9, 2022.
             Was a Believer of Ignis.
             Succumbed to a hornet's poison
             ... on level 7 of the Dungeon.
             The game lasted 00:02:40 (8663 turns).

qw the Cleaver (Demonspawn Cinder Acolyte)          Turns: 8663, Time: 00:02:41

Health: -3/62      AC: 17    Str: 16    XL:     8   Next: 46%
Magic:  9/9        EV:  7    Int: 16    God:    Ignis [**....]
Gold:   218        SH:  0    Dex:  9    Spells: 9/9 levels left

rFire   + . .      SeeInvis .   f - +0 war axe
rCold   . . .      Faith    .   (no shield)
rNeg    . . .      Spirit   .   e - +0 chain mail
rPois   .          Reflect  .   (helmet restricted)
rElec   .          Harm     .   (no cloak)
rCorr   .          Rampage  .   (no gloves)
Will    .....                   (no boots)
Stlth   ..........              (no amulet)
HPRegen 0.20/turn               (no ring)
MPRegen 0.11/turn               (no ring)

@: lethally poisoned (-3 -> -26), about to teleport, fiery-armoured, hasted and
slowed
A: antennae 2, icy blue scales 1, spiny 1
a: Renounce Religion, Fiery Armour, Foxfire Swarm, Rising Flame


You were on level 7 of the Dungeon.
You worshipped Ignis.
Ignis was pleased with you.
You visited 1 branch of the dungeon, and saw 7 of its levels.

You collected 218 gold pieces.


Innate Abilities, Weirdness & Mutations

You have a pair of antennae on your head.
You are partially covered in icy blue scales. (AC +2)
You are partially covered in sharp spines.


   Skills:
 - Level 5.0 Fighting
 + Level 8.5 Axes
 - Level 1.7 Throwing
 - Level 2.2 Armour
 - Level 1.2 Dodging
 - Level 1.0 Spellcasting
 - Level 2.6 Fire Magic


You had 9 spell levels left.
You didn't know any spells.
Your spell library contained the following spells:

 Spells                   Type           Power      Damage    Failure   Level
 Scorch                   Fire           18%        2d5       91%         2

Inventory:

Hand Weapons
 f - a +0 war axe (weapon)
 n - a +2 flail of protection
Missiles
 k - 6 boomerangs (quivered)
Armour
 e - a +0 chain mail (worn)
Scrolls
 c - 3 scrolls of teleportation
 d - a scroll of identify
Potions
 a - 4 potions of heal wounds
 b - a potion of mutation
 g - a potion of ambrosia {unknown}
 h - a potion of degeneration {unknown}
 i - a potion of haste
 j - a potion of flight {unknown}
 l - a potion of curing

Dungeon Overview and Level Annotations

Branches:
Dungeon (7/15)             Temple (0/1) D:6

Altars:
Kikubaaqudgha
Sif Muna

Annotations:
D:7 2 runed translucent doors, Joseph


Message History

Joseph shouts!
The hornet stings you but does no damage.
You barely miss the hornet.
You feel sick. The hornet barely misses you.
You barely miss the hornet.
You feel sick. The hornet closely misses you.
You hit the hornet but do no damage.
You feel sick. The hornet stings you!
You feel yourself slow down.
You barely miss Joseph. You barely miss the hornet.
You feel yourself speed up.
You feel sick.
The hornet stings you but does no damage. x2
Joseph hits you with a +2 spectral quarterstaff!
8661 ||| INVOKING Fiery Armour.
A protective cloak of flame settles atop you.
You feel sick. The hornet stings you.
You are more poisoned.
You feel yourself slow down.
You barely miss Joseph. You hit the hornet but do no damage.
You feel very sick.
Joseph hits you with a +2 spectral quarterstaff.
Joseph is burned by your cloak of flames.
Joseph is lightly wounded.
The hornet stings you.
You feel as though you will be slow longer.
The hornet is burned by your cloak of flames.
The hornet is lightly wounded.
The hornet stings you.
You are more poisoned.
You feel as though you will be slow longer.
The hornet is burned by your cloak of flames.
The hornet is moderately wounded.
Joseph is struck by your spines.
Joseph hits you with a +2 spectral quarterstaff!
Joseph is burned by your cloak of flames.
Joseph is lightly wounded.
8663 ||| READING 4 scrolls of teleportation.
As you read the scroll of teleportation, it crumbles to dust.
You feel strangely unstable.
You die...

.. #.# .. #.# .[
.###.# #.. ....##
#.# ....##
##..#####....#####
#.........<#......
#.........@.......
#.>......@y##.....
#..........# .@..
#..........# ..
#.....<....#
#..........#
############


You could see Joseph and a hornet.

Vanquished Creatures
  An ice beast (D:5)
  2 centaurs
  A necrophage (D:5)
  A scorpion (D:6)
  5 wights (D:6)
  2 howler monkeys
  A vampire bat (D:5)
  3 jellies
  2 orc priests
  2 hounds (D:5)
  A gnoll bouda (D:4)
  2 iguanas
  3 orc wizards
  12 gnolls
  9 adders
  A shadow imp (D:5)
  An ufetubus (D:6)
  2 worms (D:2)
  A dart slug (D:2)
  18 orcs
  11 ball pythons
  3 bats
  2 bat skeletons (D:5)
  3 bat zombies (D:5)
  11 endoplasms
  A giant cockroach (D:3)
  8 goblins
  8 hobgoblins
  4 jackals (D:2)
  9 kobolds
  3 quokkas
  3 frilled lizards
  2 rats
138 creatures vanquished.

Vanquished Creatures (others)
  25 plants (D:5)
25 creatures vanquished.

Grand Total: 163 creatures vanquished

Notes
Turn   | Place    | Note
-------+----------+-------------------------------------------
     0 | D:1      | qw the Demonspawn Cinder Acolyte began the quest for the
                  | Orb.
     0 | D:1      | Reached XP level 1. HP: 18/18 MP: 2/2
     0 | D:1      | 0 ||| qw: Version: 0.1-a-113-g051387a
     0 | D:1      | 0 ||| qw: Game counter: 6925
     0 | D:1      | 0 ||| qw: Always use a shield: true
     0 | D:1      | 0 ||| qw: God list: Okawaru
     0 | D:1      | 0 ||| qw: Allow faded altars: false
     0 | D:1      | 0 ||| qw: Do Orc after D:15 true
     0 | D:1      | 0 ||| qw: Do second Lair branch before Depths: true
     0 | D:1      | 0 ||| qw: Lair rune preference: random
     0 | D:1      | 0 ||| qw: Plans: Normal
     0 | D:1      | 0 ||| PLANNING D:1-11
    15 | D:1      | 15 ||| Stepping ~*~*~tactically~*~*~ (stealth).
    19 | D:1      | 19 ||| Stepping ~*~*~tactically~*~*~ (stealth).
    41 | D:1      | Reached skill level 3 in Axes
   215 | D:1      | Gained mutation: You have a pair of small antennae on your
                  | head. [demonic ancestry]
   215 | D:1      | Reached XP level 2. HP: 16/24 MP: 3/3
   482 | D:1      | 482 ||| INVOKING Fiery Armour.
   775 | D:1      | Found a faded altar of an unknown god.
   926 | D:1      | 926 ||| UPGRADING to +0 chain mail.
   936 | D:1      | 936 ||| DROPPING +0 robe.
   937 | D:1      | 937 ||| READING scroll labelled ITHRIO APOURU.
   941 | D:1      | 941 ||| READING 2 scrolls labelled JOEREILIWN.
   942 | D:1      | 942 ||| READING scroll labelled AVOSUUN EMUEL.
  1220 | D:2      | Reached skill level 1 in Armour
  1261 | D:2      | Reached XP level 3. HP: 28/29 MP: 4/4
  1269 | D:2      | 1269 ||| Stepping ~*~*~tactically~*~*~ (stealth).
  1786 | D:2      | 1786 ||| Stepping ~*~*~tactically~*~*~ (hiding).
  1788 | D:2      | 1788 ||| INVOKING Fiery Armour.
  1791 | D:2      | Reached skill level 4 in Axes
  1791 | D:2      | 1791 ||| Stepping ~*~*~tactically~*~*~ (hiding).
  1800 | D:2      | Gained mutation: You have a pair of antennae on your head.
                  | [demonic ancestry]
  1800 | D:2      | Reached XP level 4. HP: 11/35 MP: 5/5
  1800 | D:2      | HP: 6/35 [gnoll/+0 spear (5)]
  1801 | D:2      | 1801 ||| READING 2 scrolls of teleportation.
  2908 | D:2      | 2908 ||| READING scroll labelled VINIOSSEEP.
  2960 | D:2      | 2960 ||| READING scroll labelled DECSIRI BOKKI.
  2961 | D:2      | 2961 ||| DRINKING 2 clear potions.
  2962 | D:2      | 2962 ||| READING 2 scrolls of identify.
  2962 | D:2      | 2962 ||| IDENTIFYING lumpy silvery potion
  2963 | D:2      | 2963 ||| DROPPING potion of magic.
  3002 | D:3      | 3002 ||| Stepping ~*~*~tactically~*~*~ (stealth).
  3005 | D:3      | 3005 ||| Stepping ~*~*~tactically~*~*~ (stealth).
  3009 | D:3      | 3009 ||| Stepping ~*~*~tactically~*~*~ (stealth).
  3391 | D:3      | Reached skill level 5 in Axes
  3503 | D:3      | Gained mutation: You are partially covered in icy blue
                  | scales. (AC +2) [demonic ancestry]
  3503 | D:3      | Reached XP level 5. HP: 36/41 MP: 6/6
  3989 | D:3      | 3989 ||| READING 2 scrolls labelled SUHEUF AREIHA.
  3990 | D:3      | 3990 ||| READING scroll labelled IGOCVI PURA.
  3991 | D:3      | 3991 ||| DROPPING scroll of fear.
  4110 | D:4      | 4110 ||| Stepping ~*~*~tactically~*~*~ (hiding).
  4116 | D:4      | 4116 ||| Stepping ~*~*~tactically~*~*~ (stealth).
  4121 | D:4      | 4121 ||| INVOKING Fiery Armour.
  4276 | D:4      | 4276 ||| FLEEEEING.
  4277 | D:4      | 4277 ||| Stepping ~*~*~tactically~*~*~ (stealth).
  4278 | D:4      | 4278 ||| FLEEEEING.
  4279 | D:4      | 4279 ||| FLEEEEING.
  4280 | D:4      | 4280 ||| FLEEEEING.
  4297 | D:4      | 4297 ||| FLEEEEING.
  4298 | D:4      | 4298 ||| FLEEEEING.
  4299 | D:4      | 4299 ||| FLEEEEING.
  4300 | D:4      | 4300 ||| FLEEEEING.
  4345 | D:4      | Reached skill level 6 in Axes
  4345 | D:4      | Reached XP level 6. HP: 35/47 MP: 7/7
  4443 | D:4      | 4443 ||| DROPPING +0 club.
  4444 | D:4      | 4444 ||| DROPPING +0 flail.
  4524 | D:4      | Found a shimmering blue altar of Sif Muna.
  4569 | D:4      | 4569 ||| Stepping ~*~*~tactically~*~*~ (stealth).
  4572 | D:4      | 4572 ||| INVOKING Fiery Armour.
  5254 | D:4      | 5254 ||| DROPPING +3 ring mail.
  5255 | D:4      | 5255 ||| READING scroll labelled QOENGU EGIE.
  5256 | D:4      | 5256 ||| READING scroll labelled QYENEU BITY.
  5400 | D:4      | 5400 ||| READING scroll labelled HOPPAEPIAC.
  5450 | D:5      | Entered Level 5 of the Dungeon
  5462 | D:5      | Reached skill level 1 in Dodging
  5586 | D:5      | 5586 ||| Stepping ~*~*~tactically~*~*~ (hiding).
  5612 | D:5      | 5612 ||| INVOKING Fiery Armour.
  5714 | D:5      | 5714 ||| FLEEEEING.
  5715 | D:5      | 5715 ||| FLEEEEING.
  5716 | D:5      | 5716 ||| STAIRDANCE
  5780 | D:4      | 5780 ||| READING 2 scrolls of identify.
  5780 | D:4      | 5780 ||| IDENTIFYING lumpy emerald potion
  5784 | D:5      | 5784 ||| STAIRDANCE
  5864 | D:5      | Identified the +1 leather armour of Ashenzari's Whim
                  | {Dex+7}
  5931 | D:5      | Reached XP level 7. HP: 37/55 MP: 8/8
  6029 | D:5      | 6029 ||| Stepping ~*~*~tactically~*~*~ (stealth).
  6031 | D:5      | 6031 ||| Stepping ~*~*~tactically~*~*~ (hiding).
  6039 | D:5      | 6039 ||| FLEEEEING.
  6040 | D:5      | 6040 ||| FLEEEEING.
  6043 | D:5      | 6043 ||| FLEEEEING.
  6044 | D:5      | 6044 ||| FLEEEEING.
  6141 | D:5      | 6141 ||| Stepping ~*~*~tactically~*~*~ (hiding).
  6292 | D:5      | Found an ancient bone altar of Kikubaaqudgha.
  6434 | D:5      | Reached skill level 7 in Axes
  6580 | D:5      | 6580 ||| DROPPING +4 scale mail.
  6581 | D:5      | 6581 ||| DRINKING 3 glowing cyan potions.
  6619 | D:5      | 6619 ||| DROPPING 2 potions of lignification.
  6684 | D:6      | Reached skill level 1 in Throwing
  6861 | D:6      | 6861 ||| Stepping ~*~*~tactically~*~*~ (stealth).
  6862 | D:6      | 6862 ||| Stepping ~*~*~tactically~*~*~ (stealth).
  6864 | D:6      | 6864 ||| Stepping ~*~*~tactically~*~*~ (hiding).
  6867 | D:6      | 6867 ||| Stepping ~*~*~tactically~*~*~ (hiding).
  6879 | D:6      | 6879 ||| INVOKING Fiery Armour.
  6881 | D:6      | Gained mutation: You are partially covered in sharp spines.
                  | [demonic ancestry]
  6881 | D:6      | Reached XP level 8. HP: 19/59 MP: 9/9
  7357 | D:6      | Reached skill level 8 in Axes
  7412 | D:6      | 7412 ||| Stepping ~*~*~tactically~*~*~ (stealth).
  7413 | D:6      | 7413 ||| Stepping ~*~*~tactically~*~*~ (stealth).
  7414 | D:6      | 7414 ||| Stepping ~*~*~tactically~*~*~ (hiding).
  7415 | D:6      | 7415 ||| Stepping ~*~*~tactically~*~*~ (hiding).
  7416 | D:6      | 7416 ||| SWAPPING to +0 war axe.
  7435 | D:6      | 7435 ||| FLEEEEING.
  7436 | D:6      | 7436 ||| FLEEEEING.
  7437 | D:6      | 7437 ||| FLEEEEING.
  7438 | D:6      | 7438 ||| FLEEEEING.
  7439 | D:6      | 7439 ||| FLEEEEING.
  7440 | D:6      | 7440 ||| FLEEEEING.
  7441 | D:6      | 7441 ||| FLEEEEING.
  7442 | D:6      | 7442 ||| FLEEEEING.
  7443 | D:6      | 7443 ||| FLEEEEING.
  7444 | D:6      | 7444 ||| FLEEEEING.
  7445 | D:6      | 7445 ||| FLEEEEING.
  7446 | D:6      | 7446 ||| FLEEEEING.
  7447 | D:6      | 7447 ||| FLEEEEING.
  7448 | D:6      | 7448 ||| FLEEEEING.
  7449 | D:6      | 7449 ||| FLEEEEING.
  7450 | D:6      | 7450 ||| FLEEEEING.
  7452 | D:6      | 7452 ||| FLEEEEING.
  7453 | D:6      | 7453 ||| FLEEEEING.
  7454 | D:6      | 7454 ||| FLEEEEING.
  7455 | D:6      | 7455 ||| FLEEEEING.
  7456 | D:6      | 7456 ||| FLEEEEING.
  7457 | D:6      | 7457 ||| STAIRDANCE
  7507 | D:5      | 7507 ||| DROPPING +0 hand axe of draining.
  7512 | D:6      | 7512 ||| INVOKING Fiery Armour.
  7513 | D:6      | 7513 ||| STAIRDANCE
  7914 | D:6      | Identified the +11 longbow "Oneph" {venom, rC++ Str-4}
  8046 | D:6      | 8046 ||| Stepping ~*~*~tactically~*~*~ (hiding).
  8172 | D:6      | 8172 ||| Stepping ~*~*~tactically~*~*~ (stealth).
  8442 | D:6      | Found a staircase to the Ecumenical Temple.
  8631 | D:6      | 8631 ||| DRINKING 2 metallic green potions.
  8632 | D:6      | 8632 ||| DRINKING 2 purple potions.
  8649 | D:7      | Found a large runed translucent door.
  8649 | D:7      | Found a large runed translucent door.
  8649 | D:7      | Noticed a hornet
  8651 | D:7      | Noticed Joseph
  8652 | D:7      | 8652 ||| Stepping ~*~*~tactically~*~*~ (stealth).
  8653 | D:7      | 8653 ||| Stepping ~*~*~tactically~*~*~ (stealth).
  8661 | D:7      | 8661 ||| INVOKING Fiery Armour.
  8662 | D:7      | HP: 15/62 [poisoned by a hornet]
  8662 | D:7      | HP: 1/62 [Joseph/+2 spectral quarterstaff (9)]
  8663 | D:7      | 8663 ||| READING 4 scrolls of teleportation.
  8663 | D:7      | Succumbed to a hornet's poison

Levels and vault maps discovered:
D:1:      psy_arrival_basics, layout_rooms, shapermc_ecumenical_altar_acropolis
D:2:      layout_basic, serial_bayou_pond_e
D:3:      layout_basic
D:4:      layout_loops_ring, led_sif_pool, hangedman_decor_lopped,
          nicolae_concentric_dashed_squares_mild, kennysheep_generic_room_12
D:5:      layout_rooms, kennysheep_vampire_church, dk_vineyard_1,
          serial_bayou_lake_a
D:6:      layout_layer_cave, minmay_temple_entry_antechambers,
          supply_closet_lemuel
D:7:      layout_rooms, nicolae_overflow_squiral, ebering_ghost_disaster_area,
          uniq_joseph

Skill      XL: |  1  2  3  4  5  6  7  8 |
---------------+-------------------------+-----
Axes           | 3 4 5 6 7 8 |  8.5
Armour         | 1 2 |  2.2
Dodging        | 1 |  1.2
Fighting       | 4 5 |  5.0
Throwing       | 1 |  1.7
Spellcasting   | |  1.0
Fire Magic     | |  2.6

Action                   |  1- 3 |  4- 6 |  7- 9 || total
-------------------------+-------+-------+-------++-------
Melee: Hand axe          |   136 |   221 |   130 ||   487
       Punch             |       |     4 |       ||     4
       War axe           |       |       |    44 ||    44
Throw: Boomerang         |       |    30 |    31 ||    61
Invok: Fiery Armour      |     2 |     3 |     3 ||     8
  Use: Scroll            |     3 |    10 |     1 ||    14
       Potion            |       |     1 |     3 ||     4
Armor: Robe              |     8 |       |       ||     8
       Chain mail        |    62 |   120 |   130 ||   312
Dodge: Dodged            |    57 |    49 |    81 ||   187

Table legend:
 A = Non-vault XP
 B = Vault XP
 C = Vault XP percentage of total XP
 D = Non-vault monster count
 E = Vault monster count
 F = Vault count percentage of total count
                 A         B        C        D         E       F
            +---------+---------+-------+---------+---------+-------
      Total |    1997 |      62 |   3.0 |     132 |       6 |   4.3
            +---------+---------+-------+---------+---------+-------
        D:1 |      24 |       0 |   0.0 |      14 |       0 |   0.0
        D:2 |     118 |       0 |   0.0 |      27 |       0 |   0.0
        D:3 |      70 |       0 |   0.0 |      24 |       0 |   0.0
        D:4 |     325 |       0 |   0.0 |      32 |       0 |   0.0
        D:5 |     613 |      62 |   9.2 |      15 |       6 |  28.6
        D:6 |     847 |       0 |   0.0 |      20 |       0 |   0.0
            +---------+---------+-------+---------+---------+-------
